 Dungeon Crawl Stone Soup version 0.31-a0-799-g6bc09d010c (webtiles) character file.

Game seed: 1523972991981321750

119 Shayle the Trooper (level 5, -5/54 HPs)
             Began as an Ogre Hexslinger on Sept 19, 2023.
             Killed from afar by Ijyb (7 damage)
             ... with a puff of flame
             ... on level 3 of the Dungeon.
             The game lasted 00:04:53 (1547 turns).

Shayle the Trooper (Ogre Hexslinger)                Turns: 1547, Time: 00:04:54

Health: -5/54      AC:  3    Str: 12    XL:     5   Next: 3%
Magic:  9/9        EV: 10    Int: 28    God:
Gold:   179        SH:  0    Dex: 11    Spells: 6/10 levels left

rFire   . . .        l - +2 sling (elec)
rCold   . . .        (no shield)
rNeg    . . .        c - +0 robe
rPois   .            (helmet restricted)
rElec   .            (no cloak)
rCorr   .            (gloves unavailable)
SInv    .            (boots unavailable)
Will    .....        (no amulet)
Stlth   +            f - +6 ring of intelligence
HPRegen 0.29/turn    h - +6 ring of intelligence
MPRegen 0.11/turn

%: no passive effects
@: no status effects
A: large, unfitting armour, tough skin 1
a: no special abilities


You were on level 3 of the Dungeon.
You visited 1 branch of the dungeon, and saw 3 of its levels.

You collected 179 gold pieces.

Inventory:

Hand Weapons
 l - a +2 sling of electrocution (weapon)
Missiles
 j - 2 throwing nets
Armour
 c - a +0 robe (worn)
Jewellery
 f - a +6 ring of intelligence (left hand)
 h - a +6 ring of intelligence (right hand)
Talismans
 d - a granite talisman
Scrolls
 b - a scroll of poison
Potions
 g - 2 potions of attraction
 i - a potion of lignification {unknown}


   Skills:
 + Level 3.7 Fighting
 - Level 1.3 Ranged Weapons
 - Level 1.7 Dodging
 + Level 3.0 Spellcasting
 - Level 2.6 Hexes
 - Level 1.6 Fire Magic
 + Level 1.4 Air Magic


You had 6 spell levels left.
You knew the following spells:

 Your Spells              Type           Power      Damage    Failure   Level
a - Airstrike             Air            6%         2d(1-17)  41%         4

Your spell library contained the following spells:

 Spells                   Type           Power      Damage    Failure   Level
 Slow                     Hex            76%        N/A       2%          1
 Jinxbite                 Hex            38%        N/A       4%          2
 Shock                    Conj/Air       32%        1d5       6%          1
 Confusing Touch          Hex            19%        N/A       9%          3
 Sigil of Binding         Hex            19%        N/A       9%          3
 Tukima's Dance           Hex            19%        N/A       9%          3
 Inner Flame              Hex/Fire       16%        N/A       10%         3
 Dazzling Flash           Conj/Hex       22%        N/A       14%         3
 Swiftness                Air            12%        N/A       14%         3
 Vampiric Draining        Necr           4%         2d6       24%         3
 Cause Fear               Hex            9%         N/A       26%         4
 Anguish                  Hex/Necr       5%         N/A       43%         4
 Dimensional Bullseye     Hex/Tloc       5%         N/A       43%         4
 Agony                    Necr           4%         N/A       92%         5
 Borgnjor's Vile Clutch   Necr/Erth      2%         N/A       92%         5
 Conjure Ball Lightning   Conj/Air       4%         3x3d6     100%        6
 Discord                  Hex            9%         N/A       100%        8
 Disjunction              Tloc           2%         N/A       100%        8


Dungeon Overview and Level Annotations

Branches:
Dungeon (3/15)

Altars:

Shops:
D:1 *

Annotations:
D:3 Ijyb


Innate Abilities, Weirdness & Mutations

You are too large for most types of armour.
You have tough skin. (AC +1)


Message History

You shoot a sling bullet. The sling bullet hits Ijyb.
Ijyb is severely wounded.
Ijyb zaps a wand.
The puff of flame hits you!
You shoot a sling bullet. The sling bullet closely misses Ijyb.
Ijyb barely misses you.
You shoot a sling bullet. The sling bullet hits Ijyb.
Ijyb is almost dead.
Ijyb barely misses you.
You shoot a sling bullet. The sling bullet closely misses Ijyb.
Ijyb barely misses you.
Ijyb zaps a wand.
The puff of flame hits you!
You shoot a sling bullet. The sling bullet hits Ijyb.
Ijyb is almost dead.
Ijyb zaps a wand.
The puff of flame hits you!
You are too injured to fight recklessly!
You are too injured to fight recklessly!
You are too injured to fight recklessly!
You shoot a sling bullet. The sling bullet closely misses Ijyb.
Ijyb barely misses you.
You shoot a sling bullet. The sling bullet closely misses Ijyb.
Ijyb zaps a wand.
The puff of flame hits you! Ijyb hits you with a +0 dagger.
* * * LOW HITPOINT WARNING * * *
Okay, then.
Okay, then.
Okay, then.
You shoot a sling bullet.
The sling bullet hits Ijyb but does no damage.
Ijyb is almost dead.
Ijyb hits you with a +0 dagger.
* * * LOW HITPOINT WARNING * * *
Unknown command.
It was a potion of curing.
You feel better. Ijyb hits you with a +0 dagger.
* * * LOW HITPOINT WARNING * * *
You shoot a sling bullet. The sling bullet barely misses Ijyb.
Ijyb hits you with a +0 dagger.
* * * LOW HITPOINT WARNING * * *
You shoot a sling bullet. The sling bullet barely misses Ijyb.
Ijyb zaps a wand.
The puff of flame hits you!
* * * LOW HITPOINT WARNING * * *
Ijyb zaps a wand.
The puff of flame hits you!
You die...

.......# #.####***,,,,,>,,,,,,,,
#...##.# #.#.^,,,,,,,..,,,,,****
....##.# #.#.#*****##..,,,,***,*
....##.####.#.#<,,,.....,,,,**,_*
.........#....#***,.....,,,,+,,,8
....#.#.......# *......,,*,**,_*
.####.#..#....####......,,*****,*
..,,..#..........g......,,* ***
***####.........@.#********
,,,,..............#
,***####..........# ,*
#....†.....# ,* #..........# ,*
#..........# ,** #..........# ,,*
####.......# ,,*********,,,,,,,*


You could see Ijyb.

Vanquished Creatures
  Natasha (D:3)
  4 gnolls (D:2)
  An adder (D:3)
  A worm (D:2)
  A dart slug (D:1)
  3 endoplasms
  A giant cockroach (D:1)
  3 goblins
  5 hobgoblins
  4 kobolds
  6 quokkas
  7 ball pythons
  3 frilled lizards
  3 rats
43 creatures vanquished.

Notes
Turn   | Place    | Note
-------+----------+-------------------------------------------
     0 | D:1      | Shayle the Ogre Hexslinger began the quest for the Orb.
     0 | D:1      | Reached XP level 1. HP: 19/19 MP: 2/2
     3 | D:1      | Found Huweh's General Store.
    52 | D:1      | Reached skill level 1 in Fire Magic
   138 | D:1      | Reached XP level 2. HP: 27/28 MP: 4/4
   543 | D:1      | Reached XP level 3. HP: 33/36 MP: 4/6
   927 | D:2      | Identified a scroll of acquirement
   927 | D:2      | Acquired a book of Chaos
   937 | D:2      | Acquired the Excursus on the Charnel Oath
  1083 | D:2      | Reached XP level 4. HP: 33/45 MP: 7/7
  1089 | D:2      | Reached skill level 1 in Air Magic
  1480 | D:3      | Noticed Natasha
  1482 | D:3      | Killed Natasha
  1498 | D:3      | Learned a level 4 spell: Airstrike
  1500 | D:3      | Reached XP level 5. HP: 54/54 MP: 9/9
  1535 | D:3      | Noticed Ijyb
  1547 | D:3      | HP: 2/54 [Ijyb/puff of flame (8)]
  1547 | D:3      | Killed from afar by Ijyb

Illustrated notes

Levels and vault maps discovered:
D:1:      lightli_arrival_boilingwater, layout_loops_cross, serial_shops, shop
D:2:      layout_basic
D:3:      layout_basic, gammafunk_temple_overflow_statue, serial_aquarium,
          aquarium_bridge_square [aquarium_subvault_wall,
          aquarium_subvault_bridge, aquarium_subvault_window,
          aquarium_subvault_bridge], aquarium_window_2, aquarium_window_corner,
          aquarium_view_2g, aquarium_view_2c, aquarium_pool_2,
          nicolae_concentric_dashed_squares_mild, uniq_sigmund, uniq_terence,
          uniq_ijyb, uniq_natasha

Skill      XL: |  1  2  3  4 |
---------------+-------------+-----
Fire Magic     | 1 |  1.6
Fighting       | 2 3 |  3.7
Spellcasting   | 2 3 |  3.0
Air Magic      | 1 |  1.4
Ranged Weapons | |  1.3
Dodging        | |  1.7
Hexes          | |  2.6

Action                     |  1- 3 |  4- 6 || total
---------------------------+-------+-------++-------
   Fire: Sling             |    92 |    54 ||   146
    Use: Scroll            |     5 |     3 ||     8
         Potion            |       |     1 ||     1
 Armour: Robe              |    30 |    24 ||    54
  Dodge: Dodged            |    23 |    14 ||    37

Table legend: (Time is in decaauts)
 A = Elapsed time spent in this place.
 B = Non-inter-level travel time spent in this place.
 C = Inter-level travel time spent in this place.
 D = Time resting spent in this place.
 E = Time spent auto-exploring this place.
 F = Levels seen in this place.
 G = Mean time per level.
                   A        B        C        D        E       F      G
               +--------+--------+--------+--------+--------+-----+--------+
         Total |   1594 |   1479 |    115 |    107 |    962 |   3 |  531.3 |
       Dungeon |   1594 |   1479 |    115 |    107 |    962 |   3 |  531.3 |
               +--------+--------+--------+--------+--------+-----+--------+

Top non-repeatable levels by time:
     D:1: 704 daAuts
     D:2: 663 daAuts
     D:3: 227 daAuts
